 Dungeon Crawl Stone Soup version 0.30-a0-166-g5d06c95188 (webtiles) character file.

Game seed: 15532858976233029236

30 Caerun the Grave Robber (level 3, -1/26 HPs)
             Began as a Vampire Necromancer on Sept 29, 2022.
             Slain by an adder (2 damage)
             ... on level 2 of the Dungeon.
             The game lasted 00:03:31 (988 turns).

Caerun the Grave Robber (Vampire Necromancer)        Turns: 988, Time: 00:03:31

Health: -1/26      AC:  2    Str:  9    XL:     3   Next: 3%
Magic:  6/6        EV: 12    Int: 17    God:
Gold:   91         SH:  0    Dex: 14    Spells: 5/6 levels left

rFire   . . .      SeeInvis +    i - +0 dagger
rCold   . . .      Faith    .    (no shield)
rNeg    . . .      Spirit   .    a - +0 robe
rPois   .          Reflect  .    (no helmet)
rElec   .          Harm     .    (no cloak)
rCorr   .          Rampage  .    (no gloves)
Will    .....                    (no boots)
Stlth   ++........               (no amulet)
HPRegen 0.28/turn                (no ring)
MPRegen 0.10/turn                (no ring)

@: lethally poisoned (-1 -> -2), healing quickly
A: alive, fangs 3, see invisible, vampiric 2
a: Exsanguinate


You were on level 2 of the Dungeon.
You visited 1 branch of the dungeon, and saw 2 of its levels.

You collected 91 gold pieces.

Inventory:

Hand Weapons
 i - a +0 dagger (weapon)
Armour
 a - a +0 robe (worn)
Scrolls
 c - a scroll of silence {unknown}
 e - a scroll of poison {unknown}
 f - a scroll of brand weapon {unknown}
 g - a scroll of immolation {unknown}
 k - a scroll of identify {unknown}
Potions
 b - a potion of magic
 d - 2 potions of heal wounds {unknown}
 h - a potion of curing {unknown}
 j - a potion of flight {unknown}


   Skills:
 * Level 1.1 Fighting
 + Level 0.2 Short Blades
 + Level 2.4 Dodging
 + Level 3.4 Stealth
 + Level 0.1 Unarmed Combat
 + Level 2.0 Spellcasting
 + Level 4.8 Necromancy


You had 5 spell levels left.
You knew the following spells:

 Your Spells              Type           Power      Damage    Failure   Level
a - Necrotise             Necr           72%        1d7       2%          1

Your spell library contained the following spells:

 Spells                   Type           Power      Damage    Failure   Level
 Vampiric Draining        Necr           18%        2d7       8%          3
 Animate Dead             Necr           18%        N/A       26%         4
 Tukima's Dance           Hex            1%         N/A       50%         3
 Agony                    Necr           18%        N/A       58%         5
 Passage of Golubria      Tloc           1%         N/A       88%         4
 Yara's Violent Unravell  Hex/Tmut       0%         3d3       99%         5


Dungeon Overview and Level Annotations

Branches:
Dungeon (2/15)

Altars:


Innate Abilities, Weirdness & Mutations

Your natural rate of healing is accelerated.
You have razor-sharp teeth.
You have supernaturally acute eyesight. (SInv)
You are afflicted with vampirism and can become a bat while bloodless.


Message History

You hit the ball python.
You kill the ball python!
An adder comes into view.
Found 2 lumpy purple potions.
Found a stone staircase leading down.
The adder barely misses you.
You barely miss the adder. The adder barely misses you.
You hit the adder.
The adder is lightly wounded.
The adder misses you.
You closely miss the adder.
The adder is lightly wounded.
The adder barely misses you.
You closely miss the adder.
The adder is lightly wounded.
The adder bites you.
You are poisoned.
The adder poisons you! The adder closely misses you.
The adder bites you but does no damage. The adder closely misses you.
You feel sick. The adder bites you.
Keep bloodletting?
You stop emptying yourself of blood.
The adder bites you.
You are more poisoned.
The adder poisons you! The adder attacks as you move away!
The adder barely misses you.
You feel very sick. The adder attacks as you move away! The adder misses you.
The adder attacks as you move away! The adder barely misses you.
You feel sick. The adder closely misses you. The adder bites you.
You feel sick.
You feel sick. The adder attacks as you move away!
The adder bites you but does no damage.
You feel sick. The adder misses you. The adder bites you.
* * * LOW HITPOINT WARNING * * *
The adder attacks as you move away! The adder bites you.
* * * LOW HITPOINT WARNING * * *
x2 You feel sick.
The adder misses you.
There is a stone staircase leading up here.
* * * LOW HITPOINT WARNING * * *
You feel sick. The adder bites you.
You die...

##############
##.....##.....##
#..............##
#.......@S.......#
#........S.......#
#................#
.................#
#................#
#................#
.................#
.#.....##........#
##### ##.........


You could see 2 adders.

Vanquished Creatures
  A dart slug (D:1)
  2 ball pythons
  4 endoplasms (D:1)
  3 giant cockroaches (D:1)
  A goblin (D:1)
  2 hobgoblins (D:1)
  3 jackals (D:1)
  2 quokkas (D:1)
  3 frilled lizards (D:1)
  A kobold (D:1)
  2 rats (D:1)
24 creatures vanquished.

Vanquished Creatures (others)
  A fungus (D:1)
1 creature vanquished.

Grand Total: 25 creatures vanquished

Notes
Turn   | Place    | Note
-------+----------+-------------------------------------------
     0 | D:1      | Caerun the Vampire Necromancer began the quest for the Orb.
     0 | D:1      | Reached XP level 1. HP: 13/13 MP: 3/3
    92 | D:1      | Found a faded altar of an unknown god.
   232 | D:1      | Reached XP level 2. HP: 18/20 MP: 5/5
   551 | D:1      | Reached skill level 1 in Fighting
   779 | D:1      | Gained mutation: You are afflicted with vampirism and can
                  | become a bat while bloodless. [Vampire growth]
   779 | D:1      | Reached XP level 3. HP: 22/26 MP: 6/6
   988 | D:2      | HP: 1/26 [poisoned by an adder]
   988 | D:2      | Slain by an adder

Illustrated notes

Levels and vault maps discovered:
D:1:      wheals_arrival_shading, layout_loops_ring,
          shapermc_ecumenical_altar_acropolis
D:2:      layout_rooms, basic_altar

Skill      XL: |  1  2 |
---------------+-------+-----
Fighting       | 1 |  1.1
Short Blades   | |  0.2
Dodging        | |  2.4
Stealth        | |  3.4
Unarmed Combat | |  0.1
Spellcasting   | |  2.0
Necromancy     | |  4.8

Action                   || total
-------------------------++-------
Melee: Unarmed           ||    26
       Dagger            ||    70
       Bite              ||    11
       Punch             ||     1
 Cast: Necrotise         ||    10
 Abil: Exsanguinate      ||     1
 Stab: Sleeping          ||     5
Armor: Robe              ||    14
Dodge: Dodged            ||    70

Table legend: (Time is in decaauts)
 A = Elapsed time spent in this place.
 B = Non-inter-level travel time spent in this place.
 C = Inter-level travel time spent in this place.
 D = Time resting spent in this place.
 E = Time spent auto-exploring this place.
 F = Levels seen in this place.
 G = Mean time per level.
                   A        B        C        D        E       F      G
               +--------+--------+--------+--------+--------+-----+--------+
         Total |    987 |    987 |      0 |      0 |    690 |   2 |  493.5 |
       Dungeon |    987 |    987 |      0 |      0 |    690 |   2 |  493.5 |
               +--------+--------+--------+--------+--------+-----+--------+

Top non-repeatable levels by time:
     D:1: 963 daAuts
     D:2: 23 daAuts
